 Dungeon Crawl Stone Soup version 0.27-a0-1296-g8ece459b43 (webtiles) character file.

Game seed: 13261265973908320306

1190 Delamore the Spear-Bearer (level 8, -2/62 HPs)
             Began as a Formicid Fighter on June 16, 2021.
             Was an Initiate of Gozag.
             Shot with an arrow by a centaur (4 damage)
             ... on level 5 of the Dungeon.
             The game lasted 00:05:01 (5289 turns).

Delamore the Spear-Bearer (Formicid Fighter)        Turns: 5289, Time: 00:05:02

Health: -2/62      AC: 10    Str: 22    XL:     8   Next: 71%
Magic:  8/8        EV:  6    Int:  9    God:    Gozag
Gold:   275        SH:  9    Dex: 10    Spells: 7/7 levels left

rFire    . . .     SeeInvis +   a - +0 trident (flame)
rCold    . . .     Faith    .   c - +0 kite shield
rNeg     . . .     Spirit   .   n - +0 chain mail
rPois    .         Reflect  .   (helmet unavailable)
rElec    .         Harm     .   (no cloak)
rCorr    +         Rampage  .   g - +0 pair of gloves
Will     .....                  (no boots)
Stlth    ..........             (no amulet)
HPRegen  0.20/turn              f - ring of resist corrosion
MPRegen  0.11/turn              (no ring)

@: mighty, flying
A: permanent stasis, dig shafts and tunnels, antennae 3, four strong arms
a: Dig, Shaft Self, Renounce Religion, Potion Petition, Call Merchant, Bribe
Branch


You were on level 5 of the Dungeon.
You worshipped Gozag.
Gozag was aware of your devotion.
You visited 2 branches of the dungeon, and saw 6 of its levels.

You collected 339 gold pieces.
You paid 64 gold pieces to Gozag.

Inventory:

Hand Weapons
 a - a +0 trident of flaming (weapon)
Missiles
 e - 12 poisoned darts (quivered)
 h - 2 boomerangs of dispersal
 j - 6 atropa-tipped darts
 l - 2 boomerangs
Armour
 b - a +0 scale mail
 c - a +0 kite shield (worn)
 g - a +0 pair of gloves (worn)
 n - a +0 chain mail (worn)
Jewellery
 f - a ring of resist corrosion (left hand)
Wands
 k - a wand of flame (17)
 m - a wand of iceblast (11)
 o - a wand of acid (7)
Potions
 d - 3 potions of might
 i - 2 potions of flight


   Skills:
 - Level 5.0 Fighting
 * Level 9.4 Polearms
 - Level 3.2 Armour
 - Level 3.6 Shields


You had 7 spell levels left.
You didn't know any spells.
Your spell library contained the following spells:

 Spells                   Type           Power      Damage    Failure   Level
 Animate Skeleton         Necr           0%         N/A       100%        1
 Apportation              Tloc           0%         N/A       100%        1
 Corona                   Hex            0%         N/A       100%        1
 Magic Dart               Conj           0%         1d3       100%        1
 Summon Small Mammal      Summ           0%         N/A       100%        1
 Call Imp                 Summ           0%         N/A       100%        2
 Slow                     Hex            0%         N/A       100%        2
 Conjure Flame            Conj/Fire      0%         6-21      100%        3
 Mephitic Cloud           Conj/Pois/Air  0%         N/A       100%        3
 Blink                    Tloc           Unusable   N/A       N/A         2

Dungeon Overview and Level Annotations

Branches:
Dungeon (5/15)             Temple (1/1) D:4

Altars:
Ashenzari
Dithmenos
Elyvilon
Gozag
Hepliaklqana
Kikubaaqudgha
Makhleb
Nemelex Xobeh
Okawaru
Qazlal
Ru
Sif Muna
Trog
Uskayaw
Vehumet
Wu Jian
Yredelemnul
The Shining One

Shops:
D:1 =

Annotations:
D:4 2 transporters
D:5 Eustachio


Innate Abilities, Weirdness & Mutations

You cannot be hasted, slowed, berserked, paralysed or teleported.
You can dig through walls and to a lower floor.
You have a pair of large antennae on your head. (SInv)
Your four strong arms can wield two-handed weapons with a shield.


Message History

The shadow imp shouts!
You dig through the rock wall.
The ufetubus hits you but does no damage.
You block the ufetubus's attack.
You dig through the rock wall.
The ufetubus barely misses you. You block the ufetubus's attack.
You retract your mandibles.
The ufetubus hits you.
* * * LOW HITPOINT WARNING * * *
The ufetubus hits you but does no damage.
You extend your mandibles.
You dig through the rock wall.
The ufetubus hits you but does no damage.
You block the ufetubus's attack.
You retract your mandibles.
A centaur comes into view.
The centaur shouts!
The centaur wields a +0 shortbow.
The centaur shoots an arrow.
The arrow hits you but does no damage. You block the ufetubus's attack.
The ufetubus barely misses you.
The centaur shoots an arrow.
The arrow barely misses you.
Eustachio screams, "This atrocity can only be purified with blood!"
Eustachio gestures wildly while chanting.
The centaur shoots an arrow.
You block the arrow.
Throw: 12 darts (poison)
Press: ? - help, Q - select action, (/) - cycle Shift-Dir - straight line, p - orc priest
Okay, then.
Eustachio mumbles some strange words.
Eustachio blinks!
The ufetubus barely misses you. You block the ufetubus's attack.
The ufetubus disappears in a puff of smoke!
The centaur shoots an arrow.
You block the arrow.
The shadow imp disappears in a puff of smoke!
The white imp gestures at you.
The puff of frost hits you but does no damage.
The orc throws a boomerang.
You block the boomerang.
The centaur shoots an arrow.
The arrow hits you.
* * * LOW HITPOINT WARNING * * *
The centaur shoots an arrow.
The arrow hits you.
You die...
Your body crumbles into a pile of gold.

..#.....# #... #.....#
##.# ....# #... ....#
#... ...# #... .. ...#
#... ..#####..# #...
.........###########+...
.......@................
............!.....#.....
........................
..........5.............
......#o@.o.............
......#.o.............o.
............5.........o.
..c...............#.###.
.........#.###....##{##.


You could see Eustachio, a centaur, an orc priest, a quasit (summoned), a white
imp (summoned) and 2 orcs.

Vanquished Creatures
  Pikel (D:3)
  A water moccasin (D:3)
  Purgy (D:3)
  A lemure (D:3)
  Blork the orc (D:4)
  A scorpion (Temple)
  A howler monkey (D:4)
  A centaur zombie (D:5)
  2 orc priests
  3 hounds
  A bullfrog skeleton (D:4)
  An iguana (D:2)
  4 adders
  2 worms (D:3)
  A dart slug (D:4)
  9 orcs
  4 bats
  11 endoplasms
  3 giant cockroaches
  5 goblins
  8 hobgoblins
  12 jackals
  A quokka (Temple)
  2 ball pythons
  3 frilled lizards
  10 kobolds
  10 rats
100 creatures vanquished.

Notes
Turn   | Place    | Note
-------+----------+-------------------------------------------
     0 | D:1      | Delamore the Formicid Fighter began the quest for the Orb.
     0 | D:1      | Reached XP level 1. HP: 18/18 MP: 1/1
   118 | D:1      | Reached XP level 2. HP: 24/24 MP: 2/2
   464 | D:1      | Reached XP level 3. HP: 26/30 MP: 3/3
   601 | D:1      | Reached skill level 3 in Polearms
   882 | D:1      | Found Luoludgha's Jewellery Boutique.
  1090 | D:2      | Reached XP level 4. HP: 19/37 MP: 4/4
  1470 | D:2      | Reached skill level 4 in Polearms
  1638 | D:2      | Found an ornate altar of the Wu Jian Council.
  1664 | D:2      | Reached XP level 5. HP: 42/42 MP: 5/5
  3199 | D:3      | Found a sparkling altar of Nemelex Xobeh.
  3472 | D:4      | Found a staircase to the Ecumenical Temple.
  3484 | Temple   | Entered the Ecumenical Temple
  3543 | Temple   | Became a worshipper of Gozag Ym Sagoz the Greedy
  3598 | D:4      | Found a transporter.
  3599 | D:4      | Noticed an acid dragon
  3607 | D:4      | Noticed an orc warrior
  3608 | D:4      | Found an ornate altar of the Wu Jian Council.
  3608 | D:4      | Found a glowing golden altar of the Shining One.
  3608 | D:4      | Found an ancient bone altar of Kikubaaqudgha.
  3608 | D:4      | Noticed an orc warrior
  3624 | D:4      | Found a transporter.
  3666 | D:4      | Noticed a lemure
  3666 | D:4      | Noticed a lemure
  3667 | D:4      | Noticed Pikel
  3668 | D:4      | Noticed a lemure
  3670 | D:4      | Reached skill level 5 in Polearms
  3670 | D:4      | Reached XP level 6. HP: 31/50 MP: 6/6
  3876 | D:3      | Killed Pikel
  3877 | D:3      | Reached skill level 5 in Fighting
  3877 | D:3      | Reached skill level 7 in Polearms
  3877 | D:3      | Reached XP level 7. HP: 37/56 MP: 7/7
  4002 | D:4      | Noticed Blork the orc
  4009 | D:4      | Killed Blork the orc
  4010 | D:4      | Reached skill level 8 in Polearms
  4010 | D:4      | Reached XP level 8. HP: 54/62 MP: 8/8
  4034 | D:4      | Noticed Purgy
  4316 | D:3      | Killed Purgy
  4731 | Temple   | Reached skill level 9 in Polearms
  4888 | D:4      | Found a shimmering blue altar of Sif Muna.
  4912 | D:4      | Found a burning altar of Makhleb.
  5011 | D:4      | Found a white marble altar of Elyvilon.
  5016 | D:4      | Found an iron altar of Okawaru.
  5188 | D:5      | Entered Level 5 of the Dungeon
  5247 | D:5      | Noticed Eustachio
  5270 | D:5      | HP: 3/62 [shadow imp[Eustachio] (4)]
  5288 | D:5      | HP: 2/62 [centaur/arrow (4)]
  5289 | D:5      | Shot with an arrow by a centaur

Illustrated notes

Levels and vault maps discovered:
D:1:      matt_arrival_diagonals, layout_loops_corners, serial_shops, shop,
          chequers_serial_rivers_large_a
D:2:      minmay_recursive_quarters, layout_loops_ring, basic_altar
D:3:      layout_basic, nemelex_diamond_rough_becter,
          minmay_misc_feat_four_crosses
D:4:      layout_rooms, old_standard_altar, gammafunk_temple_overflow_arena,
          makhleb_heckhound_becter, minitemple, minmay_temple_entry_mini_moons,
          uniq_purgy, uniq_pikel, uniq_blork_the_orc
D:5:      layout_basic, lemuel_tele_altar, nicolae_overflow_crystal_walls,
          kennysheep_pointless_box, uniq_eustachio, uniq_edmund
Temple:   zaba_magenta_temple

Skill      XL: |  1  2  3  4  5  6  7  8 |
---------------+-------------------------+-----
Polearms       | 3 4 5 7 8 9 |  9.4
Fighting       | 4 5 |  5.0
Armour         | |  3.2
Shields        | |  3.6

Action                   |  1- 3 |  4- 6 |  7- 9 || total
-------------------------+-------+-------+-------++-------
Melee: Trident           |    93 |   235 |   121 ||   449
Throw: Dart              |       |     3 |     5 ||     8
 Abil: Dig               |       |     1 |     4 ||     5
  Use: Scroll            |       |     3 |     1 ||     4
       Potion            |       |       |     4 ||     4
Armor: Scale mail        |    38 |   114 |    53 ||   205
       Chain mail        |       |       |    23 ||    23
Dodge: Dodged            |    27 |    77 |    55 ||   159
Block: Kite shield       |    39 |   130 |    95 ||   264

Table legend: (Time is in decaauts)
 A = Elapsed time spent in this place.
 B = Non-inter-level travel time spent in this place.
 C = Inter-level travel time spent in this place.
 D = Time resting spent in this place.
 E = Time spent auto-exploring this place.
 F = Levels seen in this place.
 G = Mean time per level.
                   A        B        C        D        E       F      G
               +--------+--------+--------+--------+--------+-----+--------+
         Total |   5403 |   5290 |    113 |   1133 |   3204 |   6 |  900.5 |
       Dungeon |   5064 |   4967 |     97 |    895 |   3150 |   5 | 1012.8 |
        Temple |    338 |    322 |     16 |    238 |     54 |   1 |  338.0 |
               +--------+--------+--------+--------+--------+-----+--------+

Top non-repeatable levels by time:
     D:3: 2119 daAuts
     D:1: 1058 daAuts
     D:2: 1048 daAuts
     D:4: 735 daAuts
  Temple: 338 daAuts
     D:5: 102 daAuts
